 Dungeon Crawl Stone Soup version 0.21.1-1-g345015f (webtiles) character file.

1679 Fang the Chopper (level 9, -2/55 HPs)
             Began as a Gargoyle Berserker on June 10, 2018.
             Was an Elder of Trog.
             Slain by Fang's ghost (5 damage)
             ... on level 6 of the Dungeon.
             The game lasted 00:11:20 (6468 turns).

Fang the Chopper (Gargoyle Berserker)               Turns: 6468, Time: 00:11:21

Health: -2/55      AC: 15    Str: 25    XL:     9   Next: 2%
Magic:  0/9        EV: 12    Int:  7    God:    Trog [****..]
Gold:   353        SH:  0    Dex:  9    Spells: 8/8 levels left

rFire    . . .     SeeInvis +   a - +0 hand axe
rCold    . . .     Gourm    .   (no shield)
rNeg     + . .     Faith    .   s - +3 leather armour
rPois    ∞         Spirit   +   (no helmet)
rElec    +         Reflect  .   (no cloak)
rCorr    .         Harm     .   (no gloves)
MR       .....                  t - +2 pair of boots
Stlth    +.........             p - amulet of guardian spirit
HPRegen  0.18/turn              y - ring of see invisible
MPRegen  0.11/turn              m - ring of flight

@: berserk cooldown, heavily drained
A: negative energy resistance 1, electricity resistance, unbreathing,
petrification resistance, rot immunity, AC +6
a: Berserk, Trog's Hand, Brothers in Arms, Burn Spellbooks, Renounce Religion,
Evoke Flight


You were on level 6 of the Dungeon.
You worshipped Trog.
Trog was greatly pleased with you.
You were near starving.

You visited 1 branch of the dungeon, and saw 6 of its levels.
You also visited: Sewer and Ossuary.

You collected 353 gold pieces.

Inventory:

Hand Weapons
 a - a +0 hand axe (weapon)
Armour
 s - a +3 leather armour (worn)
 t - a +2 pair of boots (worn)
Jewellery
 h - an uncursed amulet of rage
 k - an uncursed amulet of harm
 m - a ring of flight (right hand)
 p - an amulet of guardian spirit (around neck)
 r - an uncursed ring of protection from fire {unknown}
 y - a ring of see invisible (left hand)
Wands
 u - a wand of iceblast (9)
Scrolls
 d - 2 scrolls of enchant armour
 e - 2 scrolls of magic mapping
 j - 2 scrolls of teleportation
 l - 6 scrolls of remove curse
 w - 5 scrolls of fear
 C - 3 scrolls of identify
Potions
 b - a potion of degeneration {unknown}
 f - a potion of curing
 g - 2 potions of brilliance {unknown}
 i - 3 potions of cancellation {unknown}
 n - 3 potions of haste
 o - a potion of heal wounds
 v - 2 potions of flight {unknown}
 x - 2 potions of invisibility
 z - 2 potions of agility
 A - a potion of might {unknown}
 B - a potion of ambrosia
Books
 q - a book of Minor Magic

   Spells                             Type                      Level
   a - Magic Dart                     Conjuration                  1
   b - Blink                          Translocation                2
   c - Call Imp                       Summoning                    2
   d - Slow                           Hexes                        2
   e - Conjure Flame                  Conjuration/Fire             3
   f - Mephitic Cloud                 Conjuration/Poison/Air       3
   Trog disapproves of the use of such an item.
Comestibles
 c - 9 rations


   Skills:
 + Level 6.0(4.3) Fighting
 + Level 7.5(5.7) Axes
 + Level 3.9(2.3) Armour
 + Level 4.7(3.1) Dodging
 + Level 2.3(0.8) Stealth
 + Level 0.2(0.0) Evocations


You had 8 spell levels left.
You didn't know any spells.

Dungeon Overview and Level Annotations

Branches:
Dungeon (6/15)
 Temple: D:4-7

Altars:
Elyvilon
Hepliaklqana
Kikubaaqudgha
Makhleb
Qazlal
Uskayaw
Xom

Annotations:
D:6 Fang's ghost, novice GrBe


Innate Abilities, Weirdness & Mutations

You are resistant to torment.
Your stone body is resilient. (AC +6)
You are immune to poison.
You resist negative energy. (rN+)
You are resistant to electric shocks. (rElec)
You can survive without breathing.
You are immune to petrification.
You are immune to rotting.


Message History

You closely miss Fang's ghost.
Fang's ghost is severely damaged.
You feel yourself speed up. Fang's ghost hits you!
* * * LOW HITPOINT WARNING * * *
Fang's ghost closely misses you.
You hit Fang's ghost but do no damage.
Fang's ghost is severely damaged.
Fang's ghost hits you!
* * * LOW HITPOINT WARNING * * *
You barely miss Fang's ghost.
Fang's ghost is severely damaged.
Fang's ghost hits you but does no damage.
You closely miss Fang's ghost.
Fang's ghost is severely damaged.
Fang's ghost hits you but does no damage.
You hit Fang's ghost but do no damage.
Fang's ghost is severely damaged.
Fang's ghost hits you.
You die...

,,,,_*,,,,,,*#......## ##..#...
*,,,**,,,,***##.#...#######.....#
**8**,**,,**##............#......
****,,,,.,,,#...#.#.#########....
,,,,,*,,..,,..#.#.#.# #....#.
,,,,,,,,...,##..#.#.# ####....#.
,,,,,,,,....##.#..#.####.....###.
,,,,,*,,........W..............#.
,,,,**,,,,,,##..@....#...#.....#.
,,,********###..#....#.###....###
*,** #....#......##....## *,*
#....#.....###..### *,*
#....#....## #.## *** ######....#
### #....# #....# ######


You could see Fang's ghost.

Vanquished Creatures
  Menkaure (D:5)
  A sky beast (D:5)
  A centaur (D:5)
  An elf zombie (Ossuary)
  3 bullfrogs (D:6)
  A wyvern zombie (D:6)
  An elf skeleton (D:4)
  2 scorpions
  2 howler monkeys
  A crimson imp (D:5)
  A quasit (D:5)
  A bullfrog zombie (D:3)
  5 hounds
  An orc priest (D:5)
  A human zombie (Ossuary)
  An iguana (D:6)
  2 orc wizards (D:5)
  3 worker ants (D:4)
  A human skeleton (D:4)
  A big kobold zombie (Ossuary)
  3 hound zombies
  4 mummies (Ossuary)
  A hound skeleton (D:6)
  A worker ant zombie (D:6)
  9 adders
  An ooze (Sewer)
  2 adder zombies
  2 worms (D:2)
  A dart slug (D:4)
  3 leopard geckos
  14 orcs
  4 ball pythons
  13 bats
  7 giant cockroaches
  A gnoll zombie (Ossuary)
  7 goblins
  9 hobgoblins
  6 jackals
  4 kobolds
  4 quokkas
  A ball python skeleton (D:6)
  7 frilled lizards
  A jackal zombie (Ossuary)
  3 kobold zombies (Ossuary)
  A leopard gecko skeleton (D:5)
  3 orc skeletons (D:4)
  An orc zombie (D:4)
  A quokka skeleton (D:6)
  3 rats
  A rat zombie (Ossuary)
149 creatures vanquished.

Notes
Turn   | Place    | Note
-------+----------+-------------------------------------------
     0 | D:1      | Fang the Gargoyle Berserker began the quest for the Orb.
     0 | D:1      | Reached XP level 1. HP: 14/14 MP: 1/1
   104 | D:1      | Reached XP level 2. HP: 16/19 MP: 2/2
   250 | D:1      | Reached skill level 3 in Axes
   846 | D:2      | Reached XP level 3. HP: 24/24 MP: 3/3
   869 | D:2      | Reached ** piety under Trog
   912 | D:2      | Found a stormy altar of Qazlal.
  1375 | D:3      | Reached XP level 4. HP: 20/29 MP: 4/4
  1399 | D:3      | Reached skill level 4 in Axes
  2017 | D:3      | Reached XP level 5. HP: 27/33 MP: 5/5
  2145 | D:3      | Found an ancient bone altar of Kikubaaqudgha.
  2146 | D:3      | Found a burning altar of Makhleb.
  2425 | D:4      | Found a hazy altar of Hepliaklqana.
  2570 | D:4      | Found a sand-covered staircase.
  2588 | D:4      | Reached XP level 6. HP: 29/38 MP: 6/6
  2592 | Ossuary  | Entered an ossuary
  2605 | Ossuary  | Reached skill level 5 in Axes
  2621 | Ossuary  | Reached skill level 1 in Stealth
  2857 | Ossuary  | Reached XP level 7. HP: 34/44 MP: 7/7
  3077 | D:4      | Reached *** piety under Trog
  3229 | D:4      | Found a hide-covered altar of Uskayaw.
  3438 | D:4      | Found a shimmering altar of Xom.
  3485 | D:4      | Got a distressingly furry ring mail
  3496 | D:4      | Identified the cursed +1 ring mail "Gaolurch" {rElec rF+ Str-4 SInv} (You found it on level 4 of the Dungeon)
  3844 | D:5      | Entered Level 5 of the Dungeon
  3867 | D:5      | Reached skill level 6 in Axes
  3888 | D:5      | Reached skill level 5 in Fighting
  4222 | D:5      | Noticed Menkaure
  4250 | D:5      | Killed Menkaure
  4250 | D:5      | Reached XP level 8. HP: 30/49 MP: 8/8
  4457 | D:5      | Found a white marble altar of Elyvilon.
  4878 | D:6      | Found a hazy altar of Hepliaklqana.
  4908 | D:6      | Reached skill level 7 in Axes
  4924 | D:5      | Reached **** piety under Trog
  5301 | D:6      | Found a glowing drain.
  5341 | Sewer    | Entered a sewer
  6261 | D:6      | Reached XP level 9. HP: 38/55 MP: 9/9
  6414 | D:6      | Noticed Fang's ghost (novice GrBe)
  6456 | D:6      | HP: 1/55 [Fang's ghost (2)]
  6465 | D:6      | HP: 2/55 [Fang's ghost (7)]
  6468 | D:6      | Slain by Fang's ghost

Skill      XL: |  1  2  3  4  5  6  7  8 |
---------------+-------------------------+-----
Axes           | 3 4 5 6 7 |  7.5
Dodging        | 2 3 4 |  4.7
Fighting       | 4 5 6 |  6.0
Stealth        | 1 2 |  2.3
Armour         | 3 |  3.9
Evocations     | |  0.2

Action                   |  1- 3 |  4- 6 |  7- 9 || total
-------------------------+-------+-------+-------++-------
Melee: Hand axe          |    99 |   113 |   420 ||   632
Invok: Berserk           |     1 |     3 |     5 ||     9
 Abil: Evoke Flight      |       |       |     4 ||     4
  Use: Scroll            |       |     2 |    13 ||    15
       Potion            |       |       |     2 ||     2
 Stab: Sleeping          |       |       |     4 ||     4
  Eat: Ration            |     1 |     1 |     2 ||     4
       Chunk             |       |     2 |    10 ||    12
Armor: Animal skin       |    48 |    16 |       ||    64
       Leather armour    |       |    41 |   305 ||   346
       Ring mail         |       |       |     2 ||     2
Dodge: Dodged            |    85 |    95 |   364 ||   544
